 Dungeon Crawl Stone Soup version 0.29-a0-648-g6b26cc9f40 (webtiles) character file.

Game seed: 10915338449666049401

327 DocClef the Fighter (level 6, 0/62 HPs)
             Began as a Minotaur Fighter on June 20, 2022.
             Killed from afar by Dowan (16 damage)
             ... with a stone arrow
             ... on level 4 of the Dungeon.
             The game lasted 00:02:47 (3159 turns).

DocClef the Fighter (Minotaur Fighter)              Turns: 3159, Time: 00:02:49

Health: 0/62       AC:  7    Str: 22    XL:     6   Next: 24%
Magic:  5/5        EV:  9    Int:  5    God:
Gold:   157        SH:  4    Dex: 10    Spells: 5/5 levels left

rFire   . . .      SeeInvis .   a - +0 war axe
rCold   . . .      Faith    .   c - +0 buckler
rNeg    . . .      Spirit   .   b - +0 scale mail
rPois   .          Reflect  .   (helmet restricted)
rElec   .          Harm     .   (no cloak)
rCorr   .          Rampage  .   (no gloves)
Will    +....                   (no boots)
Stlth   ..........              (no amulet)
HPRegen 0.20/turn               (no ring)
MPRegen 0.09/turn               (no ring)

@: no status effects
A: horns 2, retaliatory headbutt, strong-willed 1, shaggy fur 1, no potion heal
1
a: no special abilities


You were on level 4 of the Dungeon.
You visited 1 branch of the dungeon, and saw 4 of its levels.

You collected 157 gold pieces.

Inventory:

Hand Weapons
 a - a +0 war axe (weapon)
Armour
 b - a +0 scale mail (worn)
 c - a +0 buckler (worn)
Jewellery
 h - an amulet of regeneration
 n - a ring of flight
 u - a ring of protection from cold
Wands
 r - a wand of charming (9)
Scrolls
 e - 4 scrolls of teleportation {unknown}
 f - 5 scrolls of identify {unknown}
 i - a scroll of poison {unknown}
 j - a scroll of fear {unknown}
 k - a scroll of vulnerability {unknown}
 l - a scroll of summoning {unknown}
 m - a scroll of fog {unknown}
 q - 2 scrolls of blinking {unknown}
 t - a scroll of enchant weapon {unknown}
Potions
 d - a potion of might
 g - 2 potions of ambrosia
 o - a potion of brilliance {unknown}
 p - a potion of invisibility
 s - a potion of lignification {unknown}


   Skills:
 + Level 8.5 Fighting
 - Level 2.4 Axes
 - Level 3.6 Armour
 - Level 3.6 Shields


You had 5 spell levels left.
You didn't know any spells.
Your spell library contained the following spells:

 Spells                   Type           Power      Damage    Failure   Level
 Slow                     Hex            0%         N/A       88%         1
 Confusing Touch          Hex            0%         N/A       99%         3
 Vampiric Draining        Necr           0%         2d6       99%         3


Dungeon Overview and Level Annotations

Branches:
Dungeon (4/15)
 Temple: D:4-7

Altars:

Shops:
D:3 [

Annotations:
D:4 Dowan


Innate Abilities, Weirdness & Mutations

You have a pair of horns on your head.
You reflexively headbutt those who attack you in melee.
You are strong-willed. (Will+)
You are covered in fur. (AC +1)
Potions are less effective at restoring your health.


Message History

You closely miss Duvessa.
Duvessa is moderately wounded.
Duvessa hits you with a +0 rapier. Duvessa hits you but does no damage.
You are too injured to fight recklessly!
You barely miss Duvessa.
Duvessa is moderately wounded.
Dowan says, "Stay away from my face!"
Duvessa hits you with a +0 rapier.
You slash Duvessa!
Duvessa is severely wounded.
Duvessa closely misses you. Duvessa hits you with a +0 rapier.
It was a potion of ambrosia.
You are confused.
Your system partially rejects the healing.
You feel invigorated. Duvessa barely misses you.
You bump into the rock wall.
Duvessa hits you with a +0 rapier.
You bump into the rock wall.
Duvessa gestures with her weapon.
Duvessa hits you but does no damage.
You feel less invigorated.
You feel less confused.
You completely miss Duvessa.
Duvessa is severely wounded.
Duvessa hits you but does no damage.
You hit Duvessa. You headbutt Duvessa.
Duvessa is almost dead.
Dowan says, "Stay away from my face!"
Duvessa hits you with a +0 rapier!
You barely miss Duvessa.
Duvessa is almost dead.
Duvessa hits you with a +0 rapier.
* * * LOW HITPOINT WARNING * * *
Duvessa barely misses you.
You hit Duvessa. You headbutt Duvessa.
You kill Duvessa!
Dowan screams, "No!
No!"
Dowan seems to find hidden reserves of power!
Dowan casts a spell at you. The stone arrow hits you!
You die...

#.# #. #.# #. #.# #. #.# ##.
########## #.# #.. #........# #.#
#.. #........# #.##########..
.###........########.##...(......
............'..e@................
............########.##..........
............######.#.##..........
...................#.##........##
.....#####.....###.#.#####.#####
.....# #.....# #.##############
.....# #.....###'..............
.....# ##..........##.#..##.....
#...........#.#..#.....#.


You could see Dowan (fast).

Vanquished Creatures
  Duvessa (D:4)
  An ogre (D:3)
  A jelly (D:4)
  An iguana (D:4)
  Natasha (thrice) (D:3)
  3 adders
  2 worms (D:2)
  3 dart slugs
  15 orcs
  5 endoplasms
  A giant cockroach (D:3)
  2 goblins (D:1)
  4 hobgoblins
  5 jackals
  4 quokkas
  4 ball pythons
  6 bats
  2 frilled lizards
  A kobold (D:1)
  5 rats
69 creatures vanquished.

Notes
Turn   | Place    | Note
-------+----------+-------------------------------------------
     0 | D:1      | DocClef the Minotaur Fighter began the quest for the Orb.
     0 | D:1      | Reached XP level 1. HP: 19/19 MP: 0/0
   158 | D:1      | Reached skill level 4 in Fighting
   247 | D:1      | Reached XP level 2. HP: 21/28 MP: 1/1
   471 | D:1      | Found a faded altar of an unknown god.
   844 | D:2      | Reached skill level 5 in Fighting
   868 | D:2      | Reached XP level 3. HP: 32/36 MP: 2/2
   959 | D:2      | Gained mutation: You are covered in fur. (AC +1) [potion of
                  | mutation]
   959 | D:2      | Gained mutation: Potions are less effective at restoring
                  | your health. [potion of mutation]
   959 | D:2      | Gained mutation: You are strong-willed. (Will+) [potion of
                  | mutation]
  1456 | D:3      | Reached XP level 4. HP: 44/44 MP: 3/3
  1468 | D:3      | Reached skill level 6 in Fighting
  1650 | D:3      | Found Neudak's Antique Armour Boutique.
  1834 | D:3      | Noticed Natasha
  1839 | D:3      | Killed Natasha
  2056 | D:3      | Noticed Natasha
  2057 | D:3      | Noticed an ogre
  2059 | D:3      | Killed Natasha
  2060 | D:3      | Reached skill level 7 in Fighting
  2060 | D:3      | Reached XP level 5. HP: 38/52 MP: 4/4
  2062 | D:3      | Killed an ogre
  2385 | D:3      | Noticed Natasha
  2391 | D:3      | Killed Natasha
  2392 | D:3      | Reached skill level 8 in Fighting
  2529 | D:4      | Reached XP level 6. HP: 45/61 MP: 5/5
  3127 | D:4      | Noticed Dowan
  3129 | D:4      | Noticed Duvessa
  3159 | D:4      | Killed Duvessa
  3159 | D:4      | Killed from afar by Dowan

Illustrated notes

Levels and vault maps discovered:
D:1:      beargit_arrival_diablo_church, layout_basic,
          hellmonk_ecumenical_altar_heavens_door
D:2:      layout_basic, grunt_ministairs_15, grunt_decor_arrowhead,
          nicolae_concentric_dashed_squares_mild, hangedman_decor_growths
D:3:      minmay_wonky_spiral, layout_basic, serial_shops,
          nicolae_shop_advertising_works [nicolae_subvault_shop_adworks],
          minmay_door_square, uniq_natasha
D:4:      layout_basic, minmay_misc_feat_rugged, uniq_duvessa

Skill      XL: |  1  2  3  4  5 |
---------------+----------------+-----
Fighting       | 4 5 7 8 |  8.5
Axes           | |  2.4
Armour         | |  3.6
Shields        | |  3.6

Action                   |  1- 3 |  4- 6 || total
-------------------------+-------+-------++-------
Melee: War axe           |    59 |    70 ||   129
       Headbutt          |     7 |    10 ||    17
  Use: Potion            |     5 |     1 ||     6
Armor: Scale mail        |    28 |    23 ||    51
Dodge: Dodged            |    22 |    26 ||    48
Block: Buckler           |    13 |    13 ||    26

Table legend: (Time is in decaauts)
 A = Elapsed time spent in this place.
 B = Non-inter-level travel time spent in this place.
 C = Inter-level travel time spent in this place.
 D = Time resting spent in this place.
 E = Time spent auto-exploring this place.
 F = Levels seen in this place.
 G = Mean time per level.
                   A        B        C        D        E       F      G
               +--------+--------+--------+--------+--------+-----+--------+
         Total |   3197 |   3125 |     72 |      0 |   2681 |   4 |  799.2 |
       Dungeon |   3197 |   3125 |     72 |      0 |   2681 |   4 |  799.2 |
               +--------+--------+--------+--------+--------+-----+--------+

Top non-repeatable levels by time:
     D:3: 965 daAuts
     D:1: 817 daAuts
     D:4: 773 daAuts
     D:2: 641 daAuts
